 Dungeon Crawl Stone Soup version 0.32-a0-699-g1ee5eff69a (webtiles) character file.

Game seed: 11838646716935878336

62 BeKind the Chiller (level 4, -2/27 HPs)
             Began as an Octopode Ice Elementalist on Mar 14, 2024.
             Slain by an orc
             ... wielding a +0 trident
              (4 damage)
             ... on level 2 of the Dungeon.
             The game lasted 00:01:37 (1307 turns).

BeKind the Chiller (Octopode Ice Elementalist)      Turns: 1307, Time: 00:01:38

Health: -2/27      AC:  1    Str:  7    XL:     4   Next: 8%
Magic:  8/8        EV: 12    Int: 19    God:
Gold:   60         SH:  0    Dex: 12    Spells: 1/8 levels left

rFire   . . .        g - +0 short sword
rCold   . . .        (no shield)
rNeg    . . .        (helmet restricted)
rPois   .            (no amulet)
rElec   .            (no ring)
rCorr   .            (no ring)
SInv    .            (no ring)
Will    .....        (no ring)
Stlth   +++          (no ring)
HPRegen 0.24/turn    (no ring)
MPRegen 0.11/turn    (no ring)
                     (no ring)

%: no passive effects
@: no status effects
A: almost no armour, amphibious, 8 rings, camouflage 1, gelatinous body 1,
(nimble swimmer 1), tentacles
a: no special abilities


You were on level 2 of the Dungeon.
You visited 1 branch of the dungeon, and saw 2 of its levels.

You collected 60 gold pieces.

Inventory:

Hand Weapons
 g - a +0 short sword (weapon)
 m - a +0 orcbow
Jewellery
 k - an amulet of faith
Wands
 l - a wand of charming (9)
Scrolls
 c - a scroll of poison {unknown}
 d - a scroll of immolation {unknown}
 f - 2 scrolls of identify {unknown}
 h - 2 scrolls of fear
 j - a scroll of torment {unknown}
Potions
 a - a potion of magic
 b - a potion of attraction {unknown}
 e - a potion of curing {unknown}
 i - a potion of cancellation {unknown}


   Skills:
 + Level 2.8 Dodging
 - Level 3.0 Stealth
 + Level 2.6 Spellcasting
 * Level 0.3 Summonings
 + Level 4.4 Ice Magic


You had one spell level left.
You knew the following spells:

 Your Spells              Type           Power      Damage    Failure   Level
a - Freeze                Ice            76%        1d8       2%          1
b - Summon Ice Beast      Ice/Summ       11%        N/A       17%         3
c - Frozen Ramparts       Ice            38%        1d6       8%          3

Your spell library contained the following spells:

 Spells                   Type           Power      Damage    Failure   Level
 Sandblast                Erth           4%         2d4       16%         1
 Ozocubu's Armour         Ice            19%        N/A       8%          3
 Cigotuvi's Dreadful Rot  Necr/Alch/Air  4%         N/A       24%         2
 Stone Arrow              Conj/Erth      4%         3d7       43%         3
 Brom's Barrelling Bould  Conj/Erth      2%         2d3       83%         4
 Ignite Poison            Fire/Alch      2%         N/A       83%         4
 Freezing Cloud           Conj/Ice/Air   4%         6-21      94%         5


Dungeon Overview and Level Annotations

Branches:
Dungeon (2/15)

Altars:


Innate Abilities, Weirdness & Mutations

You cannot wear most types of armour.
You are amphibious.
You can wear up to eight rings at the same time.
Your skin changes colour to match your surroundings (Stealth+).
Your rubbery body absorbs attacks. (AC +1, EV +1)
((You are camouflaged when in or above water. (Stealth+)))
You have tentacles for arms and can constrict up to eight enemies at once.


Message History

You don't know that spell.
You are too injured to fight recklessly!
You are too injured to fight recklessly!
You hit the adder but do no damage.
The adder is almost dead.
You constrict the adder.
You kill the adder!
You feel sick.
You have reached level 4!
You miss the quokka. Your grab misses the quokka. You squeeze the quokka.
You kill the quokka!
You feel sick.
You are no longer poisoned.
Found a fuming blue potion.
You see here an adder corpse.
This spell is quite dangerous to cast!
You start memorising the spell.
You continue memorising. x3
You finish memorising.
Spell assigned to 'c'.
Magic restored.
An adder and an orc come into view.
The orc shouts!
There are monsters nearby!
There are monsters nearby!
Found 8 gold pieces and 4 stones.
A rat comes into view.
A bat and a quokka come into view.
The adder hisses angrily.
An adder comes into view.
A goblin comes into view. It is wielding a +0 dagger.
The orc hits you with a +0 trident.
You closely miss the adder.
The rat squeaks loudly.
The adder hisses angrily.
Your grab misses the adder. The adder bites you. x2
The orc hits you with a +0 trident! The bat closely misses you.
The orc hits you from afar with a +0 trident!
* * * LOW HITPOINT WARNING * * *
The bat barely misses you. The orc attacks as it pursues you!
The orc hits you from afar with a +0 trident.
You die...

. ########.. ..
#######.....##.. ...
#.....'.....##.. ..
#.#####.....##.. .
#.####.##..........## ..
#.......+..........+
...#+####†#.##..........#
....!.....#.##..........#
........b@#.####........#
........S.#.# #........#
.......ror..# #........+
........S.### ###......##
$........g# #........
............ #........
##...###..... ####.....
#..( #....... +..... #...
#....... #.....


You could see 2 adders, an orc, a quokka, a goblin, a bat and a rat.

Vanquished Creatures
  2 adders (D:2)
  A ribbon worm (D:2)
  2 dart slugs (D:1)
  5 ball pythons (D:1)
  2 endoplasms (D:1)
  A giant cockroach (D:1)
  3 goblins
  2 hobgoblins
  6 jackals (D:1)
  A kobold (D:1)
  3 quokkas
  A bat (D:1)
  4 rats
33 creatures vanquished.

Notes
Turn   | Place    | Note
-------+----------+-------------------------------------------
     0 | D:1      | BeKind the Octopode Ice Elementalist began the quest for
                  | the Orb.
     0 | D:1      | Reached XP level 1. HP: 11/11 MP: 3/3
   163 | D:1      | Reached XP level 2. HP: 12/17 MP: 3/5
   531 | D:1      | Reached XP level 3. HP: 21/21 MP: 6/6
  1216 | D:2      | Learned a level 3 spell: Summon Ice Beast
  1235 | D:2      | Reached XP level 4. HP: 12/27 MP: 6/8
  1241 | D:2      | Learned a level 3 spell: Frozen Ramparts
  1307 | D:2      | Slain by an orc

Illustrated notes

Levels and vault maps discovered:
D:1:      dpeg_arrival_central, layout_basic
D:2:      layout_basic, uniq_terence

Skill      XL: |  1 |
---------------+----+-----
Stealth        | 3 |  3.0
Dodging        | |  2.8
Spellcasting   | |  2.6
Summonings     | |  0.3
Ice Magic      | |  4.4

Action                     |  1- 3 |  4- 6 || total
---------------------------+-------+-------++-------
  Melee: Unarmed           |     7 |       ||     7
         Constrict         |    19 |       ||    19
         Tentacles         |    12 |     1 ||    13
         Short sword       |    45 |     2 ||    47
   Cast: Freeze            |    11 |       ||    11
    Use: Scroll            |     1 |       ||     1
   Stab: Sleeping          |     8 |       ||     8
 Armour: Skin              |    19 |     6 ||    25
  Dodge: Dodged            |    38 |     2 ||    40

Table legend: (Time is in decaauts)
 A = Elapsed time spent in this place.
 B = Non-inter-level travel time spent in this place.
 C = Inter-level travel time spent in this place.
 D = Time resting spent in this place.
 E = Time spent auto-exploring this place.
 F = Levels seen in this place.
 G = Mean time per level.
                   A        B        C        D        E       F      G
               +--------+--------+--------+--------+--------+-----+--------+
         Total |   1306 |   1295 |     11 |      0 |   1055 |   2 |  653.0 |
       Dungeon |   1306 |   1295 |     11 |      0 |   1055 |   2 |  653.0 |
               +--------+--------+--------+--------+--------+-----+--------+

Top non-repeatable levels by time:
     D:1: 1016 daAuts
     D:2: 289 daAuts
